Map: 뉴 리퍼그넌시 - 래더

Players

Maru

  • Race: Terran Terran

INnoVation - Winner!

  • Race: Terran Terran

Event: WESG 2018 Grand Finals

VOD

Have the link to the VOD?

Description

Time

  • Played on: March 16, 2019, 4:14 a.m.
  • Length: 9:54

All games in this series

Show
View Real Time Build Order
Export as new Build Order

Maru Terran 

Build Orders: Banshee Rush 

Get SALT Encoding   

  12  0:00  SCV  
  13  0:12  SCV  
  14  0:17  Supply Depot  
  14  0:24  SCV  
  15  0:29  Refinery  
  15  0:38  SCV  
  16  0:44  Barracks  
  16  0:50  SCV  
  16  0:56  Refinery  
  17  1:02  SCV  
  18  1:14  SCV  
  19  1:31  Reaper, Orbital Command  
  20  1:35  Factory  
  20  1:47  Supply Depot  
  20  1:57  SCV  
  21  2:03  Reaper  
  22  2:09  SCV  
  23  2:19  Hellion  
  23  2:21  SCV  
  25  2:30  Starport  
  25  2:33  SCV  
  24  2:38  Marine  
  24  2:40  Hellion  
  27  2:45  SCV  
  28  2:58  Reaper, SCV  
  28  3:03  Hellion  
  28  3:04  Supply Depot  
  31  3:07  Starport Tech Lab  
  31  3:21  SCV  
  33  3:27  Hellion  
  33  3:28  Banshee  
  33  3:30  Marine  
  33  3:31  Cloaking Field  
  37  3:38  Supply Depot  
  37  3:39  SCV  
  38  3:53  SCV  
  37  3:59  Marine  
  37  4:09  Factory Tech Lab  
  35  4:12  Command Center  
  35  4:15  Banshee  
  38  4:32  Cyclone  
  38  4:33  Barracks Reactor  
  38  4:35  SCV  
  41  4:47  SCV  
  40  4:59  Banshee, SCV  
  41  5:09  Siege Tank  
  41  5:11  SCV  
  45  5:17  Marine x2  
  47  5:28  Supply Depot, SCV  
  48  5:40  SCV  
  48  5:41  Marine x2  
  53  5:42  Siege Tank  
  53  5:49  Orbital Command  
  53  5:52  SCV  
  54  5:57  Banshee  
  54  5:59  Marine x2  
  59  6:04  SCV  
  60  6:16  SCV, Siege Tank  
  60  6:17  Marine x2  
  66  6:21  SCV  
  64  6:28  SCV  
  65  6:33  SCV  
  65  6:37  Marine x2  
  68  6:41  SCV  
  68  6:43  Supply Depot  
  69  6:47  Supply Depot  
  69  6:53  SCV  
  68  6:55  SCV  
  70  7:02  Marine x2  
  70  7:07  SCV  
  70  7:08  SCV  
  63  7:17  Command Center  
  63  7:20  Siege Tank  
  63  7:24  SCV x2  
  63  7:26  Refinery  
  65  7:36  SCV x2  
  67  7:37  Viking x2  
  67  7:39  Stimpack, Marine  
  71  7:48  SCV x2  
  73  7:52  Siege Tank  
  76  8:00  SCV x2  
  78  8:07  Viking x2  
  78  8:08  Supply Depot  
  78  8:12  SCV x2  
  84  8:15  Supply Depot  
  79  8:22  Marine  
  79  8:24  Siege Tank, SCV x2  
  84  8:31  Orbital Command  
  84  8:39  Marine  
  84  8:44  Viking  
  84  8:47  SCV  
  76  8:56  Siege Tank  
  76  8:57  Marine  
  72  9:06  Viking  
  72  9:09  SCV  
  72  9:14  Viking  
  72  9:15  Marine  
  75  9:22  SCV  
  75  9:23  SCV  
Show
View Real Time Build Order
Export as new Build Order

INnoVation Terran - Winner!

Build Orders:  

Get SALT Encoding   

  12  0:00  SCV  
  13  0:13  Supply Depot  
  13  0:18  SCV  
  14  0:35  Barracks  
  14  0:41  Refinery  
  14  0:55  Barracks  
  14  0:59  SCV  
  15  1:12  SCV  
  16  1:24  Reaper  
  16  1:25  Orbital Command  
  17  1:33  Refinery  
  17  1:41  Reaper  
  18  1:51  SCV  
  19  1:56  Supply Depot  
  19  1:59  Reaper  
  20  2:03  SCV  
  21  2:14  Reaper  
  21  2:15  SCV  
  23  2:27  SCV  
  24  2:31  Reaper  
  25  2:39  SCV  
  25  2:41  Factory  
  26  2:44  Supply Depot  
  26  2:46  Reaper  
  25  2:51  SCV  
  25  3:03  Reaper, SCV  
  27  3:15  SCV  
  27  3:18  Reaper  
  29  3:26  Factory Tech Lab  
  29  3:27  Command Center  
  29  3:30  SCV  
  30  3:38  Starport  
  29  3:42  SCV  
  30  3:55  Cyclone, SCV  
  31  4:08  SCV  
  32  4:16  Starport Tech Lab  
  32  4:20  SCV  
  33  4:30  Refinery  
  32  4:32  SCV  
  32  4:35  Raven  
  35  4:44  SCV  
  35  4:45  Cyclone  
  39  4:50  Orbital Command  
  39  4:52  Engineering Bay  
  39  4:56  SCV  
  38  5:08  SCV  
  37  5:16  SCV  
  37  5:17  Raven  
  37  5:20  SCV  
  40  5:28  SCV  
  40  5:30  Barracks Reactor  
  40  5:32  SCV  
  42  5:37  Command Center  
  42  5:40  Siege Tank  
  42  5:42  SCV  
  45  5:46  SCV  
  46  5:55  Supply Depot, SCV  
  47  5:58  SCV  
  48  6:07  SCV  
  48  6:10  SCV  
  50  6:12  Supply Depot  
  50  6:14  Siege Tank  
  52  6:22  Viking  
  52  6:23  Viking  
  52  6:25  SCV x2  
  55  6:33  Marine  
  55  6:37  SCV x2  
  57  6:46  Siege Tank  
  60  6:49  SCV x2  
  60  6:51  Orbital Command, Marine  
  63  6:56  Viking  
  63  6:57  Viking  
  65  7:01  SCV x2  
  67  7:13  SCV x2  
  67  7:16  Stimpack, Refinery  
  67  7:17  Marine  
  67  7:18  SCV, Siege Tank  
  67  7:22  Supply Depot  
  72  7:23  Orbital Command  
  72  7:25  SCV x2  
  72  7:27  Viking  
  76  7:36  Marine  
  77  7:37  SCV  
  77  7:38  SCV  
  77  7:42  Viking  
  81  7:45  Supply Depot  
  81  7:49  SCV  
  81  7:50  SCV  
  82  7:54  Marine, Siege Tank  
  82  7:57  Missile Turret, Viking  
  84  8:01  Liberator  
  84  8:03  SCV x2  
  84  8:05  SCV  
  83  8:08  Missile Turret  
  84  8:20  SCV x3  
  84  8:21  Marine  
  87  8:31  Siege Tank  
  87  8:32  SCV x3  
  93  8:38  Marine  
  94  8:44  Barracks x2  
  92  8:54  SCV x3  
  84  8:56  Marine  
  80  9:03  Siege Tank  
  80  9:08  SCV x3  
  80  9:14  Marine  
  81  9:21  SCV x3  
  84  9:32  Marine  
  83  9:43  Barracks Reactor x2  
  82  9:46  Barracks  
  82  9:48  Engineering Bay  
  82  9:51  Barracks  
Tags
 
Add a new tag
Caveats
  • Supply blocks, unpowered buildings, or Contaminate may cause inaccurate times.
  • Supply counts are checked every 10 seconds.